 Dungeon Crawl Stone Soup version 0.30-a0-310-g7d6cbdfea6 (webtiles) character file.

Game seed: 14834613005957794577

16055 billz999 the Nimble (level 12, -34/94 HPs)
             Began as a Vampire Earth Elementalist on Oct 24, 2022.
             Was an Initiate of Gozag.
             Annihilated by a death yak simulacrum (38 damage)
             ... on level 3 of the Lair of Beasts.
             The game lasted 00:32:48 (15191 turns).

billz999 the Nimble (Vampire Earth Elementalist)   Turns: 15191, Time: 00:32:49

Health: -34/94     AC:  8    Str: 13    XL:     12   Next: 6%
Magic:  5/17       EV: 16    Int: 30    God:    Gozag
Gold:   2129       SH:  0    Dex: 12    Spells: 10/18 levels left

rFire   . . .      SeeInvis +    w - +11 falchion "Wuetifon" {spect, Will++}
rCold   . . .      Faith    .    (no shield)
rNeg    . . .      Spirit   .    v - +1 robe "Jupnihuer" {Drain rPois Int+9 Dex-4}
rPois   +          Reflect  .    (no helmet)
rElec   .          Harm     .    R - +1 cloak
rCorr   .          Rampage  .    P - +0 pair of gloves
Will    +++..                    c - +1 pair of boots
Stlth   ++++......               (no amulet)
HPRegen 0.55/turn                n - ring of wizardry
MPRegen 0.15/turn                F - +6 ring of strength

@: gold aura, healing quickly
A: alive, fangs 3, see invisible, vampiric 2
a: Exsanguinate, Renounce Religion, Potion Petition, Call Merchant, Bribe Branch


You were on level 3 of the Lair of Beasts.
You worshipped Gozag.
Gozag was most pleased with you.
You visited 2 branches of the dungeon, and saw 13 of its levels.

You collected 2222 gold pieces.
You paid 93 gold pieces to Gozag.

Inventory:

Hand Weapons
 m - the +6 dagger "Fish" {freeze, rN++ Str+4}
   (You found it on level 2 of the Dungeon)

   It freezes those it strikes, dealing additional cold damage.
   It can also slow down cold-blooded creatures.
   Str:       It affects your strength (+4).
   rN:        It greatly protects you from negative energy.
 w - the +11 falchion "Wuetifon" (weapon) {spect, Will++}
   (You found it on level 5 of the Dungeon)

   When its wielder attacks, the weapon's spirit leaps out and strikes again.
   The spirit shares a part of any damage it takes with its wielder.
   Will:      It greatly increases your willpower.
Armour
 c - a +1 pair of boots (worn)
 f - an orb of mayhem
 q - a +0 cloak
 v - the +1 robe "Jupnihuer" (worn) {Drain rPois Int+9 Dex-4}
   (You found it on level 5 of the Dungeon)

   Int:       It affects your intelligence (+9).
   Dex:       It affects your dexterity (-4).
   rPois:     It protects you from poison.
   Drain:     It drains your maximum health when unequipped.
 P - a +0 pair of gloves (worn)
 R - a +1 cloak (worn)
Magical Staves
 M - a staff of poison
Jewellery
 n - a ring of wizardry (left hand)
 x - a ring of willpower
 D - a ring of magical power
 F - a +6 ring of strength (right hand)
Wands
 j - a wand of polymorph (10)
 k - a wand of roots (31)
 u - a wand of quicksilver (14)
 y - a wand of digging (6)
 B - a wand of flame (27)
Scrolls
 a - a scroll of teleportation
 h - 2 scrolls of amnesia
 o - 4 scrolls of magic mapping
 p - 2 scrolls of silence
 t - 5 scrolls of enchant armour
 E - a scroll of enchant weapon {unknown}
 G - 3 scrolls of identify
 H - a scroll of summoning {unknown}
 I - a scroll of butterflies {unknown}
 K - a scroll of noise {unknown}
 O - a scroll of torment {unknown}
Potions
 e - a potion of brilliance
 g - 7 potions of curing
 i - 2 potions of lignification
 l - 2 potions of heal wounds
 r - a potion of cancellation
 s - 2 potions of might
 z - 3 potions of haste
 A - 2 potions of degeneration {unknown}
 C - a potion of attraction {unknown}
 L - 2 potions of mutation {unknown}
 N - a potion of berserk rage {unknown}
 Q - a potion of resistance {unknown}


   Skills:
 + Level 8.8 Fighting
 - Level 3.4(7.6) Short Blades
 - Level 9.7(10.0) Long Blades
 * Level 11.3 Dodging
 - Level 10.4 Stealth
 - Level 3.5 Spellcasting
 - Level 6.3 Transmutations
 - Level 4.4 Earth Magic


You had 10 spell levels left.
You knew the following spells:

 Your Spells              Type           Power      Damage    Failure   Level
a - Sandblast             Erth           64%        2d14      1%          1
b - Petrify               Tmut/Erth      37%        N/A       3%          4
c - Mephitic Cloud        Conj/Pois/Air  5%         N/A       9%          3

Your spell library contained the following spells:

 Spells                   Type           Power      Damage    Failure   Level
 Passwall                 Tmut/Erth      30%        N/A       1%          2
 Magic Dart               Conj           20%        1d4       2%          1
 Stone Arrow              Conj/Erth      36%        3d9       3%          3
 Call Imp                 Summ           5%         N/A       4%          2
 Searing Ray              Conj           10%        2d4       4%          2
 Animate Armour           Summ/Erth      36%        N/A       11%         4
 Fulminant Prism          Conj/Hex       2%         3d6       26%         4
 Freezing Cloud           Conj/Ice/Air   2%         6-21      56%         5
 Lehudib's Crystal Spear  Conj/Erth      9%         10d4      100%        8
 Polar Vortex             Ice            2%         N/A       100%        9
 Simulacrum               Ice/Necr       Unusable   N/A       N/A         6

Dungeon Overview and Level Annotations

Branches:
Dungeon (10/15)            Temple (0/1) D:5            Lair (3/5) D:10
 Shoals (0/4) Lair:2        Snake (0/4) Lair:2          Orc (0/2) D:9

Altars:
Ashenzari
Cheibriados
Dithmenos
Gozag
Hepliaklqana
Kikubaaqudgha
Makhleb
Nemelex Xobeh
Okawaru
Trog
Vehumet
Wu Jian
Xom
Yredelemnul

Shops:
D:1 [((*   D:6 **   D:10 *(

Portals:
Ice
Cave: Lair:3

Annotations:
D:4 2 transporters
D:6 Duvessa
Lair:1 3 runed translucent doors, Diaxkar's ghost, journeyman DsFE


Innate Abilities, Weirdness & Mutations

Your natural rate of healing is accelerated.
You have razor-sharp teeth.
You have supernaturally acute eyesight. (SInv)
You are afflicted with vampirism and can become a bat while bloodless.


Message History

The wyvern attacks as you move away!
The wyvern bites you but does no damage.
You hit the wyvern but do no damage. You punch the wyvern, but do no damage.
Your +11 falchion "Wuetifon" {spect, Will++} hits the wyvern!
The wyvern barely misses you. The wyvern attacks as you move away!
The wyvern bites you.
You hit the wyvern but do no damage.
The wyvern is moderately wounded.
Your +11 falchion "Wuetifon" {spect, Will++} hits the wyvern!!
The wyvern stops moving altogether!
The helpless wyvern fails to defend itself.
You slice the wyvern!!
You kill the wyvern!
You hit the death yak simulacrum.
The death yak simulacrum is moderately damaged.
Your +11 falchion "Wuetifon" {spect, Will++} hits the death yak simulacrum!
The cane toad simulacrum hits you! The cane toad simulacrum freezes you!!
The cane toad simulacrum attacks as you move away!
The cane toad simulacrum hits you! The cane toad simulacrum freezes you!!
* * * LOW HITPOINT WARNING * * *
Okay, then.
You feel much better.
The death yak simulacrum closely misses you.
The cane toad simulacrum hits you. The cane toad simulacrum freezes you!
Casting: Petrify (dangerous; 3% risk of failure)
Confirm with . or Enter, or press ? or * to list all spells.
Aiming: Sandblast (safe; 1% risk of failure)
Press: ? - help, Shift-Dir - straight line, f - death yak simulacrum
Aim: a death yak simulacrum (heavily damaged, 100% to hit)
The blast of sand hits the death yak simulacrum!
The death yak simulacrum is severely damaged.
The cane toad simulacrum hits you!
* * * LOW HITPOINT WARNING * * *
The cane toad simulacrum freezes you!
* * * LOW HITPOINT WARNING * * *
The death yak simulacrum gores you.
* * * LOW HITPOINT WARNING * * *
The death yak simulacrum freezes you!!!
You die...
Your body crumbles into a pile of gold.

..# # # ### # #.## P##....
#####..##### ......∩
....$..?...#### .......
............##P#### .!.....
.................P# ....#..
................@.###$......
.....#..........ZZ##.$......
....#.#...........$...<.....
..............)............P
##......................##.#
###.P............:.....#
##..##.>.#........##^#
#####..#####..##P# .# ###.#
####### #


You could see a death yak simulacrum and a cane toad simulacrum.

Vanquished Creatures
  A hydra (D:10)
  Erica (Lair:2)
  Sonja (Lair:2)
  Amaemon (Lair:2)
  4 elephants (Lair:2)
  A black mamba (Lair:1)
  An orange demon (Lair:2)
  Joseph (D:8)
  3 cane toads
  2 rime drakes
  3 komodo dragons
  An unseen horror (D:9)
  2 polar bears (Lair:3)
  A troll (D:9)
  Prince Ribbit (D:8)
  Grinder (D:3)
  A hornet (D:9)
  3 blink frogs (Lair:2)
  4 wyverns
  6 yaks
  Eustachio (D:6)
  2 steam dragons
  4 water moccasins (Lair:2)
  An acid dragon (D:9)
  3 nagas (Lair:2)
  2 orc warriors
  2 black bears
  6 ice beasts
  5 ogres
  3 wolves (D:10)
  4 centaurs (Lair:2)
  2 phantoms
  A kobold brigand (D:6)
  7 bullfrogs
  A gnoll sergeant (D:9)
  A cane toad simulacrum (Lair:3)
  4 scorpions
  7 wights
  Dowan (D:6)
  5 killer bees (D:10)
  A howler monkey (D:5)
  An electric eel (Lair:1)
  3 jellies
  5 hounds
  A gnoll bouda (D:9)
  3 orc priests
  Crazy Yiuf (D:6)
  2 iguanas (D:5)
  7 orc wizards
  2 wolf simulacra (Lair:3)
  14 gnolls
  5 adders
  2 shadow imps (D:6)
  3 white imps
  3 worms
  4 dart slugs
  24 orcs
  7 ball pythons
  5 bats
  4 endoplasms
  10 giant cockroaches
  12 goblins
  10 hobgoblins
  4 jackals
  7 quokkas
  4 frilled lizards
  17 kobolds
  8 rats
270 creatures vanquished.

Vanquished Creatures (others)
  5 fungi
  23 plants
  4 toadstools (D:4)
32 creatures vanquished.

Grand Total: 302 creatures vanquished

Notes
Turn   | Place    | Note
-------+----------+-------------------------------------------
     0 | D:1      | billz999 the Vampire Earth Elementalist began the quest for
                  | the Orb.
     0 | D:1      | Reached XP level 1. HP: 13/13 MP: 3/3
   195 | D:1      | Found Xaguimanaa's Antique Armour Shop.
   212 | D:1      | Reached XP level 2. HP: 11/19 MP: 0/5
   378 | D:1      | Found Wujik's Weapon Boutique.
   604 | D:1      | Found Umodeog's Weapon Shoppe.
   647 | D:1      | Gained mutation: You are afflicted with vampirism and can
                  | become a bat while bloodless. [Vampire growth]
   647 | D:1      | Reached XP level 3. HP: 24/24 MP: 4/6
   793 | D:1      | Found Hesibru's Assorted Antiques.
  1437 | D:2      | Reached XP level 4. HP: 30/30 MP: 2/7
  1491 | D:2      | Identified the +6 dagger "Fish" {freeze, rN++ Str+4}
  1602 | D:2      | Found a bloodstained altar of Trog.
  1814 | D:2      | Learned a level 4 spell: Petrify
  2002 | D:3      | Reached skill level 1 in Short Blades
  2610 | D:3      | Found a hazy altar of Hepliaklqana.
  2643 | D:3      | Identified the +0 robe "Tojer" {Dex+5}
  2651 | D:3      | Noticed Grinder
  2674 | D:3      | Killed Grinder
  2675 | D:3      | Reached skill level 5 in Transmutations
  2675 | D:3      | Reached XP level 5. HP: 32/35 MP: 3/8
  2675 | D:3      | Reached XP level 6. HP: 38/41 MP: 3/9
  2861 | D:4      | Found an opulent altar of Gozag.
  2930 | D:4      | Became a worshipper of Gozag Ym Sagoz the Greedy
  2991 | D:4      | Found a shimmering altar of Xom.
  3004 | D:4      | Found an iron altar of Okawaru.
  3169 | D:4      | Found a shadowy altar of Dithmenos.
  3208 | D:4      | Found a snail-covered altar of Cheibriados.
  3209 | D:4      | Found a sparkling altar of Nemelex Xobeh.
  3209 | D:4      | Found a burning altar of Makhleb.
  3358 | D:4      | Identified the +6 spear "Recvoteu" {venom, rElec rC+ Will-
                  | Stlth+}
  3464 | D:4      | Found a transporter.
  3475 | D:4      | Found a transporter.
  3594 | D:5      | Entered Level 5 of the Dungeon
  3698 | D:5      | Found a staircase to the Ecumenical Temple.
  3734 | D:5      | Reached XP level 7. HP: 43/46 MP: 8/11
  4363 | D:5      | Identified the +1 robe "Jupnihuer" {Drain rPois Int+9
                  | Dex-4}
  4445 | D:5      | Identified the +11 falchion "Wuetifon" {spect, Will++}
  4641 | D:5      | Reached skill level 1 in Long Blades
  4816 | D:6      | Found Ojekeac's Mayhem Merchandise.
  4863 | D:6      | Reached skill level 1 in Fighting
  5009 | D:6      | Reached XP level 8. HP: 54/54 MP: 6/13
  5077 | D:6      | Noticed Duvessa
  5078 | D:6      | Noticed Dowan
  5297 | D:6      | Killed Dowan
  5377 | D:6      | Reached skill level 5 in Stealth
  5421 | D:6      | Found Xanuawka's General Store.
  5445 | D:6      | Noticed Eustachio
  5461 | D:6      | Killed Eustachio
  5499 | D:6      | Found a runed translucent door.
  5500 | D:6      | Noticed Crazy Yiuf
  6177 | D:6      | Killed Crazy Yiuf
  6178 | D:6      | Reached skill level 5 in Long Blades
  6581 | D:7      | Found an ornate altar of the Wu Jian Council.
  6642 | D:7      | Reached XP level 9. HP: 41/64 MP: 1/14
  6769 | D:7      | Learned a level 3 spell: Mephitic Cloud
  7561 | D:8      | Found a radiant altar of Vehumet.
  8065 | D:8      | Identified the +0 broad axe of Vaemufi {elec, Str+8 Dex-4}
  8081 | D:8      | Noticed Prince Ribbit
  8100 | D:8      | Killed Prince Ribbit
  8265 | D:8      | Found a basalt altar of Yredelemnul.
  8286 | D:8      | Noticed Joseph
  8307 | D:8      | Killed Joseph
  8664 | D:8      | Reached skill level 5 in Fighting
  9243 | D:9      | Reached XP level 10. HP: 74/74 MP: 11/15
  9471 | D:9      | Found a staircase to the Orcish Mines.
  9529 | D:9      | Found an ancient bone altar of Kikubaaqudgha.
  9544 | D:9      | Reached skill level 10 in Stealth
  9961 | D:10     | Entered Level 10 of the Dungeon
  9961 | D:10     | Found Jeklu's Assorted Antiques.
 10059 | D:10     | Noticed an eight-headed hydra
 10070 | D:10     | Found Furud's Weapon Shoppe.
 10667 | D:10     | Identified the +0 plate armour of Eternal Vigilance {rPois}
 10682 | D:10     | Found a broken altar of Ashenzari.
 10903 | D:10     | Reached skill level 3 in Dodging
 11237 | D:10     | Killed an eight-headed hydra
 11238 | D:10     | Reached skill level 5 in Dodging
 11421 | D:10     | Found a bloodstained altar of Trog.
 11698 | D:10     | Found a staircase to the Lair.
 11757 | D:10     | Reached skill level 6 in Dodging
 11816 | D:10     | Reached XP level 11. HP: 83/83 MP: 12/16
 11903 | Lair:1   | Entered Level 1 of the Lair of Beasts
 12339 | Lair:1   | Found a runed translucent gate.
 12341 | Lair:1   | Found a runed translucent gate.
 12341 | Lair:1   | Noticed Diaxkar's ghost (journeyman DsFE)
 12397 | Lair:1   | Reached skill level 7 in Dodging
 12503 | Lair:1   | Found a runed translucent gate.
 12567 | Lair:1   | Noticed a ten-headed hydra
 13106 | Lair:2   | Noticed Sonja
 13117 | Lair:2   | Killed Sonja
 13167 | Lair:2   | Reached skill level 8 in Dodging
 13207 | Lair:2   | Reached skill level 9 in Dodging
 13328 | Lair:2   | Noticed Erica
 13339 | Lair:2   | Killed Erica
 13523 | Lair:2   | Noticed Amaemon
 13548 | Lair:2   | Killed Amaemon
 13549 | Lair:2   | Reached skill level 10 in Dodging
 13724 | Lair:2   | Found a staircase to the Snake Pit.
 14064 | Lair:2   | Found a staircase to the Shoals.
 14289 | Lair:2   | Reached skill level 11 in Dodging
 14566 | Lair:2   | Reached XP level 12. HP: 94/94 MP: 13/17
 15171 | Lair:3   | Found a frozen archway.
 15191 | Lair:3   | HP: 4/94 [death yak simulacrum (5)]
 15191 | Lair:3   | Annihilated by a death yak simulacrum

Illustrated notes

Levels and vault maps discovered:
D:1:      dpeg_arrival_another_circle, layout_loops_ring, serial_shops,
          nicolae_shop_trees, nicolae_shop_hallway_plus, nicolae_shop_stone,
          nicolae_shop_behind_doors, minmay_box_of_dots
D:2:      layout_rooms, basic_altar, minmay_pentomino_t4
D:3:      layout_basic, mainiacjoe_overflow_catwalk, serial_park_tiny_2,
          uniq_grinder
D:4:      layout_basic, mainiacjoe_overflow_alcove_2,
          gammafunk_temple_overflow_forgotten, mainiacjoe_overflow_tiny_flanked,
          grunt_dithmenos_smoke_and_mirrors, mainiacjoe_overflow_cross_hatched,
          gammafunk_ghost_gnarly_gnolls, minmay_gold_behind_fungi
D:5:      layout_loops_corners, minmay_temple_entry_mist, cheibrodos_gnoll_hut
D:6:      layout_basic, serial_shops, nicolae_diamond_shop, minmay_shop_mayhem,
          uniq_duvessa, uniq_eustachio, uniq_crazy_yiuf_cottage
D:7:      layout_loops_ring, mainiacjoe_overflow_six_doors_small,
          dreamdust_gnoll_farm
D:8:      layout_cave_pods, vehumet_altar_wand_db, general_overflow_altar,
          uniq_prince_ribbit1, uniq_joseph
D:9:      layout_loops_cross, kennysheep_little_box,
          mainiacjoe_overflow_boulevard, kennysheep_generic_room_11
D:10:     layout_rooms, trog_hazing_becter, nicolae_overflow_crystal_walls,
          hellmonk_lair_entry_icy, serial_shops,
          nicolae_shop_bloodbath_and_beyond, nicolae_shop_overgrown_old_shop
Lair:1:   layout_misc_corridors, gammafunk_ghost_hydra_chop,
          infiniplex_staircase_pool, lemuel_fruit_tree, serial_bayou_shore_a,
          grunt_megastairs_3, serial_bayou_shore_b
Lair:2:   layout_regular_city, minmay_shoals_entry_centaurs,
          minmay_snake_entry_guardpost_small, uniq_erica, uniq_amaemon,
          uniq_sonja
Lair:3:   beast_lair_carwin_large_2, layout_cave_shapes,
          portal_ice_cave_entry_ice_simulacra

Skill      XL: |  1  2  3  4  5  6  7  8  9 10 11 |
---------------+----------------------------------+-----
Transmutations | 2 3 4 5 6 |  6.3
Short Blades   | 3 |  3.4
Spellcasting   | 3 |  3.5
Earth Magic    | 4 |  4.4
Long Blades    | 2 5 8 9 |  9.7
Fighting       | 1 3 5 6 8 |  8.8
Stealth        | 4 7 9 10 | 10.4
Dodging        | 6 11 | 11.3

Action                   |  1- 3 |  4- 6 |  7- 9 | 10-12 || total
-------------------------+-------+-------+-------+-------++-------
Melee: Dagger            |    32 |    64 |    11 |     2 ||   109
       Bite              |     3 |     2 |    19 |    43 ||    67
       Punch             |     2 |     1 |     4 |     5 ||    12
       Falchion          |       |       |   147 |   215 ||   362
 Cast: Sandblast         |    57 |    59 |    56 |    61 ||   233
       Petrify           |       |     2 |    40 |    71 ||   113
Evoke: Wand              |       |       |       |     5 ||     5
  Use: Scroll            |     1 |     3 |     4 |     9 ||    17
       Potion            |       |     3 |       |     6 ||     9
 Stab: Sleeping          |     1 |     4 |     3 |     3 ||    11
       Petrified         |       |     1 |    43 |    75 ||   119
       Distracted        |       |       |     1 |     3 ||     4
       Petrifying        |       |       |     1 |     4 ||     5
Armor: Robe              |    20 |    26 |    32 |    45 ||   123
Dodge: Dodged            |    30 |    64 |    80 |   146 ||   320

Table legend: (Time is in decaauts)
 A = Elapsed time spent in this place.
 B = Non-inter-level travel time spent in this place.
 C = Inter-level travel time spent in this place.
 D = Time resting spent in this place.
 E = Time spent auto-exploring this place.
 F = Levels seen in this place.
 G = Mean time per level.
                   A        B        C        D        E       F      G
               +--------+--------+--------+--------+--------+-----+--------+
         Total |  15287 |  14487 |    800 |   1198 |  11118 |  13 | 1175.9 |
       Dungeon |  12274 |  11556 |    718 |    676 |   9140 |  10 | 1227.4 |
          Lair |   3012 |   2930 |     82 |    522 |   1978 |   3 | 1004.0 |
               +--------+--------+--------+--------+--------+-----+--------+

Top non-repeatable levels by time:
  Lair:2: 1937 daAuts
     D:9: 1922 daAuts
     D:6: 1670 daAuts
     D:8: 1405 daAuts
    D:10: 1329 daAuts
     D:1: 1277 daAuts
     D:5: 1213 daAuts
     D:7: 1090 daAuts
  Lair:1: 990 daAuts
     D:3: 943 daAuts
     D:4: 756 daAuts
     D:2: 666 daAuts
  Lair:3: 85 daAuts
